3AA
RICHLAND RAILS @ BELVEDERE PARK RAWHIDES
07/14/2038
 
TOP OF THE 1ST
Richland Rails batting - Pitching for Belvedere Park Rawhides : RHP Jesús Bruno
Pitching: RHP Jesús Bruno
Batting: LHB Josh Wiggins 0-0: Fly out, F5 (Line Drive, 5, EV 63.8 MPH)
Batting: LHB Glenn Lockhart 0-0: Ball
1-0: SINGLE (Groundball, 34D, EV 96.2 MPH)
Batting: SHB Fa-hsien Tze 0-0: Ball
1-0: Foul Ball, location: 2F
1-1: Swinging Strike
1-2: SINGLE (Groundball, 6MD, EV 95.6 MPH)
Glenn Lockhart to second
Runner from 2nd tries for 3rd, SAFE, throw by CF made to third
Batting: RHB Falco Opsteegh 0-0: SINGLE (Groundball, 56, EV 94.4 MPH)
Glenn Lockhart scores
Fa-hsien Tze to second
Batting: LHB Júlio Solís 0-0: Ball
1-0: Foul Ball, location: 2F
1-1: Foul Ball, location: 2F
1-2: Ball
2-2: Strikes out swinging
Batting: RHB José Vargas 0-0: Ball
1-0: Ball
2-0: Swinging Strike
2-1: Foul Ball, location: 2F
2-2: Fly out, F3 (Popup, 34, EV 79.4 MPH)
Top of the 1st over - 1 run, 3 hits, 0 errors, 2 left on base; Richland 1 - Belvedere Park 0
BOTTOM OF THE 1ST
Belvedere Park Rawhides batting - Pitching for Richland Rails : RHP Jose Jovellanos
Pitching: RHP Jose Jovellanos
Batting: SHB Hélio Capriati 0-0: Ball
1-0: Called Strike
1-1: Foul Ball, location: 2F
1-2: Ground out 1-3 (Groundball, 25, EV 82.5 MPH)
Batting: SHB Yeow-whye Zhu 0-0: Called Strike
0-1: Foul Ball, location: 2F
0-2: Foul Ball, location: 2F
0-2: Ball
1-2: Ball
2-2: Ball
3-2: Base on Balls
Batting: LHB Alec Hall 0-0: Ball
1-0: SINGLE (Groundball, 34, EV 102.5 MPH) (infield hit)
Yeow-whye Zhu to second
Batting: RHB Richello Oliva 0-0: Called Strike
0-1: Ball
1-1: Swinging Strike
1-2: Ball
2-2: Ball
3-2: Foul Ball, location: 2F
3-2: Fly out, F9 (Flyball, 9S, EV 91.2 MPH)
Batting: SHB Brian Carr 0-0: Ground out 1-3 (Groundball, 34S, EV 66.2 MPH)
Bottom of the 1st over - 0 runs, 1 hit, 0 errors, 2 left on base; Richland 1 - Belvedere Park 0
TOP OF THE 2ND
Richland Rails batting - Pitching for Belvedere Park Rawhides : RHP Jesús Bruno
Batting: LHB Alje de Gast 0-0: Ground out 1-3 (Groundball, 34S, EV 75.6 MPH)
Batting: RHB Alexis Hines 0-0: Ball
1-0: Foul Ball, location: 2F
1-1: Swinging Strike
1-2: Reached on error, E6 (Groundball, 6, EV 78.1 MPH)
Batting: RHB Hsui-chuan Hong 0-0: Fielders Choice at 2nd, 1-6 (Groundball, 34S, EV 74.4 MPH)
Batting: LHB Josh Wiggins 0-0: Called Strike
Hsui-chuan Hong steals 2nd base (no throw)
0-1: Foul Ball, location: 2F
0-2: Ground out 4-3 (Groundball, 4MS, EV 80.0 MPH)
Top of the 2nd over - 0 runs, 0 hits, 1 error, 1 left on base; Richland 1 - Belvedere Park 0
BOTTOM OF THE 2ND
Belvedere Park Rawhides batting - Pitching for Richland Rails : RHP Jose Jovellanos
Batting: RHB Roger Snodgrass 0-0: SINGLE (Line Drive, 9S, EV 103.1 MPH)
Batting: RHB Mauro Jasso 0-0: Ball
1-0: Foul Ball, location: 2F
1-1: Fly out, F9 (Flyball, 9LS, EV 90.0 MPH)
Batting: RHB Tony Randolph 0-0: Ball
1-0: Foul Ball, location: 2F
1-1: Fly out, F9 (Line Drive, 9D, EV 100.6 MPH)
Batting: RHB Enrique De La Rosa 0-0: Ball
1-0: Called Strike
1-1: Foul Ball, location: 2F
1-2: DOUBLE (Line Drive, 7LM, EV 98.1 MPH)
Roger Snodgrass to third
Runner from 3rd tries for Home, SAFE, throw by LF to home
Batting: SHB Hélio Capriati 0-0: Called Strike
0-1: DOUBLE (Flyball, 78D, EV 86.9 MPH)
Enrique De La Rosa scores
Batting: SHB Yeow-whye Zhu 0-0: Ground out 4-3 (Groundball, 4, EV 82.5 MPH)
Bottom of the 2nd over - 2 runs, 3 hits, 0 errors, 1 left on base; Richland 1 - Belvedere Park 2
TOP OF THE 3RD
Richland Rails batting - Pitching for Belvedere Park Rawhides : RHP Jesús Bruno
Batting: LHB Glenn Lockhart 0-0: Called Strike
0-1: Ball
1-1: Ball
2-1: Ball
3-1: Base on Balls
Batting: SHB Fa-hsien Tze 0-0: Called Strike
0-1: Called Strike
0-2: Strikes out swinging
Batting: RHB Falco Opsteegh 0-0: Foul Ball, location: 2F
0-1: Foul Ball, location: 2F
0-2: Strikes out swinging
Batting: LHB Júlio Solís 0-0: Ball
1-0: Ball
2-0: Swinging Strike
2-1: Called Strike
2-2: Fly out, F9 (Flyball, 9S, EV 86.9 MPH)
Top of the 3rd over - 0 runs, 0 hits, 0 errors, 1 left on base; Richland 1 - Belvedere Park 2
BOTTOM OF THE 3RD
Belvedere Park Rawhides batting - Pitching for Richland Rails : RHP Jose Jovellanos
Batting: LHB Alec Hall 0-0: Fly out, F7 (Flyball, 7S, EV 91.2 MPH)
Batting: RHB Richello Oliva 0-0: Ball
1-0: DOUBLE (Flyball, 8RXD, EV 107.5 MPH) - OUT at third base trying to stretch hit.
Batting: SHB Brian Carr 0-0: Ball
1-0: Fly out, F7 (Flyball, 7, EV 81.2 MPH)
Bottom of the 3rd over - 0 runs, 1 hit, 0 errors, 0 left on base; Richland 1 - Belvedere Park 2
TOP OF THE 4TH
Richland Rails batting - Pitching for Belvedere Park Rawhides : RHP Jesús Bruno
Batting: RHB José Vargas 0-0: Ball
1-0: Ball
2-0: Ball
3-0: Called Strike
3-1: Called Strike
3-2: Base on Balls
Batting: LHB Alje de Gast 0-0: Ball
1-0: DOUBLE (Line Drive, 7LM, EV 107.5 MPH)
José Vargas to third
Batting: RHB Alexis Hines 0-0: Swinging Strike
0-1: Ball
1-1: Foul Ball, location: 2F
1-2: Strikes out looking
Batting: RHB Hsui-chuan Hong 0-0: Ball
1-0: Swinging Strike
1-1: Ground out 1-3 (Groundball, 25, EV 78.8 MPH)
Batting: LHB Josh Wiggins 0-0: Ball
1-0: Ball
2-0: Ball
3-0: Called Strike
3-1: Base on Balls
Batting: LHB Glenn Lockhart 0-0: Fly out, F8 (Flyball, 8RD, EV 95.0 MPH)
Top of the 4th over - 0 runs, 1 hit, 0 errors, 3 left on base; Richland 1 - Belvedere Park 2
BOTTOM OF THE 4TH
Belvedere Park Rawhides batting - Pitching for Richland Rails : RHP Jose Jovellanos
Batting: RHB Roger Snodgrass 0-0: Ball
1-0: Called Strike
1-1: Ball
2-1: Ball
3-1: Foul Ball, location: 2F
3-2: Base on Balls
Batting: RHB Mauro Jasso 0-0: Ball
1-0: Ball
2-0: Called Strike
2-1: SINGLE (Line Drive, 9LS, EV 106.9 MPH)
Roger Snodgrass to second
Batting: RHB Tony Randolph 0-0: Foul Ball, location: 2F
0-1: Swinging Strike
0-2: Strikes out looking
Batting: RHB Enrique De La Rosa 0-0: Ball
1-0: Called Strike
1-1: Ball
2-1: Fly out, F9 (Line Drive, 9, EV 95.0 MPH)
Batting: SHB Hélio Capriati 0-0: Hit by Pitch
Roger Snodgrass to third
Mauro Jasso to second
Batting: SHB Yeow-whye Zhu 0-0: Foul Ball, location: 2F
0-1: Ball
1-1: SINGLE (Groundball, 4MD, EV 96.2 MPH)
Roger Snodgrass scores
Mauro Jasso to third
Hélio Capriati to second
Runner from 3rd tries for Home, SAFE, no throw by CF
Batting: LHB Alec Hall 0-0: Ball
1-0: Ball
2-0: Fielders Choice at 2nd, U6 (Groundball, 6M, EV 97.5 MPH)
Bottom of the 4th over - 2 runs, 2 hits, 0 errors, 2 left on base; Richland 1 - Belvedere Park 4
TOP OF THE 5TH
Richland Rails batting - Pitching for Belvedere Park Rawhides : RHP Jesús Bruno
Batting: SHB Fa-hsien Tze 0-0: Ball
1-0: Ball
2-0: Foul Ball, location: 2F
2-1: TRIPLE (Flyball, 7LD, EV 106.2 MPH)
Batting: RHB Falco Opsteegh 0-0: Ball
1-0: Ball
2-0: Called Strike
2-1: Ball
3-1: Foul Ball, location: 2F
3-2: Base on Balls
Batting: LHB Júlio Solís 0-0: Swinging Strike
0-1: Swinging Strike
0-2: Ball
1-2: Ball
2-2: Strikes out swinging
Batting: RHB José Vargas 0-0: Foul Ball, location: 2F
0-1: Called Strike
0-2: Ball
1-2: Foul Ball, location: 2F
1-2: Ball
2-2: DOUBLE (Line Drive, 3D, EV 101.9 MPH)
Fa-hsien Tze scores
Falco Opsteegh to third
Runner from 3rd tries for Home, SAFE, throw by RF to trailing runner, SAFE at third!
Batting: LHB Alje de Gast 0-0: Called Strike
0-1: Fly out, F7 (Flyball, 78D, EV 98.8 MPH)
Runner from 3rd tags up, SCORES, throw by LF
Batting: RHB Alexis Hines 0-0: Called Strike
0-1: Ball
1-1: SINGLE (Line Drive, 9S, EV 88.8 MPH)
Pitching: LHP Jang-lu Moy
Batting: RHB Hsui-chuan Hong 0-0: Ball
1-0: Foul Ball, location: 2F
1-1: Ball
2-1: Ball
3-1: Base on Balls
Alexis Hines to second
Batting: LHB Josh Wiggins 0-0: Called Strike
0-1: Called Strike
0-2: SINGLE (Groundball, 3L, EV 83.1 MPH) (infield hit)
Alexis Hines to third
Hsui-chuan Hong to second
Batting: LHB Glenn Lockhart 0-0: Ball
1-0: Foul Ball, location: 2F
1-1: Ball
2-1: Ball
3-1: Fly out, F8 (Flyball, 8LS, EV 92.5 MPH)
Top of the 5th over - 3 runs, 4 hits, 0 errors, 3 left on base; Richland 4 - Belvedere Park 4
BOTTOM OF THE 5TH
Belvedere Park Rawhides batting - Pitching for Richland Rails : RHP Jose Jovellanos
Batting: RHB Richello Oliva 0-0: Called Strike
0-1: Ground out U3 (Groundball, 34, EV 102.5 MPH)
Batting: SHB Brian Carr 0-0: Called Strike
0-1: Ground out U3 (Groundball, 3, EV 88.8 MPH)
Batting: RHB Roger Snodgrass 0-0: Called Strike
0-1: Ball
1-1: Called Strike
1-2: Ball
2-2: Ground out 4-3 (Groundball, 4MD, EV 88.1 MPH)
Bottom of the 5th over - 0 runs, 0 hits, 0 errors, 0 left on base; Richland 4 - Belvedere Park 4
TOP OF THE 6TH
Richland Rails batting - Pitching for Belvedere Park Rawhides : LHP Jang-lu Moy
Batting: SHB Fa-hsien Tze 0-0: Ground out U3 (Groundball, 34, EV 81.9 MPH)
Batting: RHB Falco Opsteegh 0-0: Ball
1-0: Ball
2-0: Swinging Strike
2-1: Foul Ball, location: 2F
2-2: Fly out, F8 (Flyball, 78M, EV 80.0 MPH)
Batting: LHB Júlio Solís 0-0: Ground out 6-3 (Groundball, 6, EV 88.8 MPH)
Top of the 6th over - 0 runs, 0 hits, 0 errors, 0 left on base; Richland 4 - Belvedere Park 4
BOTTOM OF THE 6TH
Belvedere Park Rawhides batting - Pitching for Richland Rails : RHP Jose Jovellanos
Batting: RHB Mauro Jasso 0-0: Ball
1-0: Called Strike
1-1: Ball
2-1: Ball
3-1: Reached via error on a dropped throw from 3B, E3 (Groundball, 56S, EV 80.0 MPH)
Batting: RHB Tony Randolph 0-0: Ball
1-0: Fly out, F4 (Popup, 4, EV 73.8 MPH)
Batting: RHB Enrique De La Rosa 0-0: Foul Ball, location: 2F
0-1: Ball
1-1: Fielders Choice at 2nd, 4-6 (Groundball, 4, EV 103.8 MPH)
Batting: SHB Hélio Capriati 0-0: Ground out 4-3 (Groundball, 4, EV 103.1 MPH)
Bottom of the 6th over - 0 runs, 0 hits, 1 error, 1 left on base; Richland 4 - Belvedere Park 4
TOP OF THE 7TH
Richland Rails batting - Pitching for Belvedere Park Rawhides : LHP Jang-lu Moy
Batting: RHB José Vargas 0-0: Called Strike
0-1: Foul Ball, location: 2F
0-2: Foul Ball, location: 2F
0-2: Ball
1-2: Ball
2-2: Foul Ball, location: 2F
2-2: Foul Ball, location: 2F
2-2: Ground out 5-3 (Groundball, 56, EV 101.9 MPH)
Batting: LHB Alje de Gast 0-0: Foul Ball, location: 2F
0-1: Ball
1-1: Ball
2-1: Ground out 4-3 (Groundball, 4, EV 78.1 MPH)
Batting: RHB Alexis Hines 0-0: Ball
1-0: Ground out 6-3 (Groundball, 6, EV 108.8 MPH)
Top of the 7th over - 0 runs, 0 hits, 0 errors, 0 left on base; Richland 4 - Belvedere Park 4
BOTTOM OF THE 7TH
Belvedere Park Rawhides batting - Pitching for Richland Rails : RHP Jose Jovellanos
Batting: SHB Yeow-whye Zhu 0-0: Ball
1-0: Swinging Strike
1-1: Ball
2-1: SINGLE (Flyball, 9S, EV 95.6 MPH)
Batting: LHB Alec Hall 0-0: Ball
1-0: Swinging Strike
1-1: Ball
2-1: Foul Ball, location: 2F
2-2: Foul Ball, location: 2F
2-2: Ball
3-2: Fly out, F8 (Flyball, 8RM, EV 98.8 MPH)
Pitching: LHP Weon Kim
Batting: RHB Richello Oliva 0-0: Ball
1-0: Ball
2-0: SINGLE (Line Drive, 89S, EV 96.2 MPH)
Yeow-whye Zhu to second
Batting: SHB Brian Carr 0-0: Ball
1-0: Fly out, F7 (Flyball, 78XD, EV 86.9 MPH)
Runner from 2nd tags up, SAFE at 3rd, no throw by LF
Batting: RHB Roger Snodgrass 0-0: Ball
1-0: Ball
2-0: Ball
3-0: Called Strike
3-1: SINGLE (Flyball, 7S, EV 85.0 MPH)
Yeow-whye Zhu scores
Richello Oliva to second
Batting: RHB Mauro Jasso 0-0: Called Strike
0-1: Ball
1-1: DOUBLE (Flyball, 89XD, EV 108.8 MPH)
Richello Oliva scores
Roger Snodgrass to third
Batting: RHB Tony Randolph 0-0: Foul Ball, location: 2F
0-1: Ball
1-1: Called Strike
1-2: Strikes out swinging
Bottom of the 7th over - 2 runs, 4 hits, 0 errors, 2 left on base; Richland 4 - Belvedere Park 6
TOP OF THE 8TH
Richland Rails batting - Pitching for Belvedere Park Rawhides : LHP Jang-lu Moy
Batting: RHB Hsui-chuan Hong 0-0: Fly out, F8 (Flyball, 89M, EV 81.2 MPH)
Batting: LHB Josh Wiggins 0-0: SINGLE (Groundball, 34D, EV 108.8 MPH)
Batting: LHB Glenn Lockhart 0-0: Ball
1-0: 2-RUN HOME RUN (Line Drive, 89XD, EV 98.8 MPH), Distance : 422 ft
Batting: SHB Fa-hsien Tze 0-0: Foul Ball, location: 2F
0-1: Ball
1-1: Called Strike
1-2: Ball
2-2: SINGLE (Line Drive, 89M, EV 110.0 MPH)
Batting: RHB Falco Opsteegh 0-0: Ball
1-0: Ball
2-0: Ball
3-0: Called Strike
3-1: Swinging Strike
3-2: Base on Balls
Fa-hsien Tze to second
Pitching: RHP Gregory Powers
Batting: LHB Júlio Solís 0-0: Swinging Strike
0-1: Called Strike
Fa-hsien Tze steals 3rd base
0-2: Strikes out swinging
Batting: RHB José Vargas 0-0: Foul Ball, location: 2F
0-1: Fly out, F9 (Flyball, 9S, EV 90.0 MPH)
Top of the 8th over - 2 runs, 3 hits, 0 errors, 2 left on base; Richland 6 - Belvedere Park 6
BOTTOM OF THE 8TH
Belvedere Park Rawhides batting - Pitching for Richland Rails : LHP Weon Kim
Batting: RHB Enrique De La Rosa 0-0: Called Strike
0-1: Ball
1-1: SINGLE (Flyball, 89S, EV 98.8 MPH)
Batting: SHB Hélio Capriati 0-0: Sac Bunt to 13S - play at first, batter OUT! 1-4
Enrique De La Rosa to second
Batting: SHB Yeow-whye Zhu 0-0: Foul Ball, location: 2F
0-1: Ball
1-1: Called Strike
1-2: Strikes out swinging
Batting: LHB Alec Hall 0-0: Ball
1-0: Called Strike
1-1: Ball
2-1: Fly out, F4 (Line Drive, 4, EV 72.5 MPH)
Bottom of the 8th over - 0 runs, 1 hit, 0 errors, 1 left on base; Richland 6 - Belvedere Park 6
TOP OF THE 9TH
Richland Rails batting - Pitching for Belvedere Park Rawhides : RHP Gregory Powers
Batting: LHB Alje de Gast 0-0: Foul Ball, location: 2F
0-1: Fly out, F9 (Flyball, 9, EV 81.2 MPH)
Batting: RHB Alexis Hines 0-0: SINGLE (Groundball, 6MD, EV 103.8 MPH)
Pinch Hitting: RHB Tak-wai Jia 0-0: Ball
1-0: Fly out, F9 (Flyball, 9S, EV 83.1 MPH)
Batting: LHB Josh Wiggins 0-0: Called Strike
0-1: Swinging Strike
0-2: Fielders Choice at 2nd, 6-4 (Groundball, 6, EV 84.4 MPH)
Top of the 9th over - 0 runs, 1 hit, 0 errors, 1 left on base; Richland 6 - Belvedere Park 6
BOTTOM OF THE 9TH
Belvedere Park Rawhides batting - Pitching for Richland Rails : LHP Weon Kim
Now at 2B: Francisco Rodríguez
Batting: RHB Richello Oliva 0-0: Ball
1-0: Ground out 6-3 (Groundball, 56, EV 108.8 MPH)
Pinch Hitting: RHB Edgar Wright 0-0: DOUBLE (Line Drive, 9LD, EV 109.4 MPH)
Pitching: RHP Jim Perry
Batting: RHB Roger Snodgrass 0-0: Foul Ball, location: 2F
0-1: Fly out, F8 (Flyball, 8RM, EV 88.1 MPH)
Batting: RHB Mauro Jasso 0-0: Foul Ball, location: 2F
0-1: Ball
1-1: Ball
2-1: Ball
3-1: Swinging Strike
3-2: Strikes out looking
Bottom of the 9th over - 0 runs, 1 hit, 0 errors, 1 left on base; Richland 6 - Belvedere Park 6
TOP OF THE 10TH
Richland Rails batting - Pitching for Belvedere Park Rawhides : RHP Gregory Powers
Pitching: RHP Pierre Delecto
Now at C: Junior Young
Batting: LHB Glenn Lockhart 0-0: Ball
1-0: Called Strike
1-1: Swinging Strike
1-2: Strikes out looking
Batting: SHB Fa-hsien Tze 0-0: Called Strike
0-1: Ball
1-1: Swinging Strike
1-2: Ground out 6-3 (Groundball, 6, EV 90.0 MPH)
Batting: RHB Falco Opsteegh 0-0: Called Strike
0-1: Ground out 4-3 (Groundball, 4M, EV 104.4 MPH)
Top of the 10th over - 0 runs, 0 hits, 0 errors, 0 left on base; Richland 6 - Belvedere Park 6
BOTTOM OF THE 10TH
Belvedere Park Rawhides batting - Pitching for Richland Rails : RHP Jim Perry
Pitching: RHP Jing Hsi
Batting: RHB Tony Randolph 0-0: Called Strike
0-1: Hit by Pitch
Batting: RHB Enrique De La Rosa 0-0: Called Strike
0-1: Ball
1-1: Called Strike
1-2: Strikes out looking
Batting: SHB Hélio Capriati 0-0: Ball
1-0: Ball
2-0: Ball
3-0: Called Strike
3-1: Fly out, F9 (Flyball, 89D, EV 82.5 MPH)
Runner from 1st tags up, SAFE at 2nd
Batting: SHB Yeow-whye Zhu 0-0: Ball
1-0: Foul Ball, location: 2F
1-1: Called Strike
1-2: Ground out 5-3 (Groundball, 5S, EV 88.1 MPH)
Bottom of the 10th over - 0 runs, 0 hits, 0 errors, 1 left on base; Richland 6 - Belvedere Park 6
TOP OF THE 11TH
Richland Rails batting - Pitching for Belvedere Park Rawhides : RHP Pierre Delecto
Batting: LHB Júlio Solís 0-0: Called Strike
0-1: Fly out, F7 (Flyball, 7LS, EV 86.2 MPH)
Batting: RHB José Vargas 0-0: Foul Ball, location: 2F
0-1: Ball
1-1: Ball
2-1: Foul Ball, location: 2F
2-2: Ball
3-2: Ground out 6-3 (Groundball, 6, EV 83.1 MPH)
Batting: LHB Alje de Gast 0-0: Called Strike
0-1: Foul Ball, location: 2F
0-2: Strikes out swinging
Top of the 11th over - 0 runs, 0 hits, 0 errors, 0 left on base; Richland 6 - Belvedere Park 6
BOTTOM OF THE 11TH
Belvedere Park Rawhides batting - Pitching for Richland Rails : RHP Jing Hsi
Batting: LHB Alec Hall 0-0: Ball
1-0: Ball
2-0: Ball
3-0: Called Strike
3-1: Base on Balls
Batting: RHB Richello Oliva 0-0: Ball
1-0: Ball
2-0: Swinging Strike
2-1: Called Strike
2-2: Strikes out swinging
Batting: RHB Junior Young 0-0: Ball
1-0: Swinging Strike
1-1: Swinging Strike
1-2: Foul Ball, location: 2F
1-2: Ball
2-2: Foul Ball, location: 2F
2-2: Foul Ball, location: 2F
2-2: Foul Ball, location: 2F
2-2: Ball
3-2: Foul Ball, location: 2F
3-2: Reached on error, E5 (Groundball, 56, EV 98.8 MPH)
Alec Hall to third
Pitching: LHP Jamie Martin
Batting: RHB Roger Snodgrass 0-0: Ball
1-0: Ball
2-0: Ball
3-0: Called Strike
3-1: Called Strike
3-2: Strikes out swinging
Batting: RHB Mauro Jasso 0-0: Called Strike
0-1: Ball
1-1: Ball
2-1: 3-RUN HOME RUN (Flyball, 7D, EV 107.5 MPH), Distance : 400 ft
Friday, April 17th, 2020 - OOTP Baseball 20.8 Build 74